 Dungeon Crawl Stone Soup version 0.30-a0-571-gdf30a72648 (webtiles) character file.

Game seed: 14068987070103847114

53 Newt the Shooter (level 4, -7/26 HPs)
             Began as a Kobold Hunter on Dec 29, 2022.
             Killed by nerve-wracking pain
             ... invoked by Jessica
              (9 damage)
             ... on level 2 of the Dungeon.
             The game lasted 00:01:46 (1656 turns).

Newt the Shooter (Kobold Hunter)                    Turns: 1656, Time: 00:01:47

Health: -7/26      AC: 11    Str: 11    XL:     4   Next: 11%
Magic:  4/4        EV:  1    Int: 10    God:
Gold:   135        SH:  0    Dex: 20    Spells: 3/3 levels left

rFire   . . .      SeeInvis .    a - +0 shortbow
rCold   . . .      Faith    .    (shield currently unavailable)
rNeg    . . .      Spirit   .    p - +1 plate armour of the Harvest {rPois Will+ Str+3}
rPois   +          Reflect  .    (no helmet)
rElec   .          Harm     +    k - scarf {harm}
rCorr   .          Rampage  .    (no gloves)
Will    +....                    (no boots) Stlth
                                 (no amulet)
HPRegen 0.24/turn                (no ring)
MPRegen 0.09/turn                (no ring)

@: constricted
A: small, no large weapons, nightstalker 3
a: no special abilities


You were on level 2 of the Dungeon.
You visited 1 branch of the dungeon, and saw 3 of its levels.

You collected 135 gold pieces.

Inventory:

Hand Weapons
 a - a +0 shortbow (weapon)
Armour
 c - a +0 leather armour
 k - a scarf of harm (worn)
 p - the +1 plate armour of the Harvest (worn) {rPois Will+ Str+3}
   (You found it on level 3 of the Dungeon)

   Str:       It affects your strength (+3).
   rPois:     It protects you from poison.
   Will:      It increases your willpower.
Jewellery
 d - a ring of ice
Scrolls
 b - 2 scrolls of immolation
 e - 2 scrolls of identify
 g - a scroll of enchant weapon
 l - a scroll of brand weapon {unknown}
 m - a scroll of fear {unknown}
 o - a scroll of blinking {unknown}
Potions
 h - a potion of magic {unknown}
 i - a potion of attraction {unknown}
 j - a potion of resistance {unknown}
 n - a potion of berserk rage {unknown}
 q - a potion of heal wounds {unknown}


   Skills:
 - Level 2.1 Fighting
 + Level 6.7 Ranged Weapons
 - Level 2.4 Dodging
 - Level 3.0 Stealth


You had 3 spell levels left.
You didn't know any spells.
Your spell library contained the following spells:

 Spells                   Type           Power      Damage    Failure   Level
 Sting                    Tmut/Pois      0%         1d3       100%        1
 Poisonous Vapours        Pois/Air       0%         N/A       100%        2
 Sublimation of Blood     Necr           0%         N/A       100%        2
 Wereblood                Tmut           0%         N/A       100%        2
 Olgreb's Toxic Radiance  Pois           0%         N/A       100%        4
 Summon Hydra             Summ           0%         N/A       100%        7


Dungeon Overview and Level Annotations

Branches:
Dungeon (3/15)

Altars:

Shops:
D:2 ?

Annotations:
D:2 Jessica


Innate Abilities, Weirdness & Mutations

You are small and have problems with some larger weapons.
You are completely attuned to the shadows.


Message History

You resist with some effort. The orc hits you but does no damage.
You climb upwards.
There is a stone staircase leading down here.
Unknown command.
You are too injured to fight recklessly!
You shoot an arrow.
The arrow closely misses the giant cockroach.
The giant cockroach bites you. The ball python completely misses you.
The ball python barely misses you. The giant cockroach barely misses you.
Jessica barely misses you. The orc hits you but does no damage.
The ball python barely misses you. The ball python grabs you.
The ball python constricts you.
The giant cockroach bites you but does no damage.
Jessica hits you but does no damage. The orc hits you but does no damage.
The ball python bites you. The ball python constricts you.
You shoot an arrow.
The arrow closely misses the giant cockroach.
The giant cockroach bites you but does no damage.
The ball python bites you but does no damage.
The ball python constricts you.
Jessica mumbles some strange words.
Jessica blinks!
The orc hits you but does no damage.
The giant cockroach bites you but does no damage.
The ball python bites you.
* * * LOW HITPOINT WARNING * * *
The ball python constricts you. The orc hits you with a +0 whip.
* * * LOW HITPOINT WARNING * * *
Unknown command.
You feel better. The giant cockroach bites you.
* * * LOW HITPOINT WARNING * * *
The ball python bites you but does no damage.
The ball python constricts you. The orc hits you with a +0 whip.
* * * LOW HITPOINT WARNING * * *
The giant cockroach bites you but does no damage.
The ball python's grasp on you weakens, but your attempt to escape fails.
The ball python bites you but does no damage.
The ball python constricts you. Jessica casts a spell at you.
Pain shoots through your body!
You die...

##.###..##..# #.#
##.....#...####.#
#.....##.####...# #
##........# #.### #
#.>.##)#### #.# # ##..###..#
#.# ###
#####...####.######.######..
#...........B....##........#
#........@.@[....##.########
#..........oS......<#
#................#..#
#..................##
#...)............)##########
#############...............
######.....###########
#........### #..#######


You could see Jessica, an orc, a giant cockroach and a ball python.

Vanquished Creatures
  An adder (D:3)
  A dart slug (D:3)
  6 bats
  3 endoplasms (D:2)
  2 giant cockroaches
  2 hobgoblins
  2 jackals (D:1)
  7 kobolds
  5 ball pythons
  3 frilled lizards
  3 goblins (D:1)
  5 rats
40 creatures vanquished.

Notes
Turn   | Place    | Note
-------+----------+-------------------------------------------
     0 | D:1      | Newt the Kobold Hunter began the quest for the Orb.
     0 | D:1      | Reached XP level 1. HP: 12/12 MP: 1/1
   243 | D:1      | Reached XP level 2. HP: 17/17 MP: 2/2
   565 | D:1      | Reached XP level 3. HP: 21/21 MP: 3/3
   959 | D:2      | Reached skill level 6 in Ranged Weapons
   990 | D:2      | Found Gadomut's Magic Scroll Shoppe.
  1464 | D:3      | Identified the +1 plate armour of the Harvest {rPois Will+
                  | Str+3}
  1605 | D:3      | Noticed Jessica
  1619 | D:3      | Reached XP level 4. HP: 11/26 MP: 4/4
  1654 | D:2      | HP: 1/26 [orc/+0 whip (6)]
  1656 | D:2      | Killed from afar by Jessica

Illustrated notes

Levels and vault maps discovered:
D:1:      psy_arrival_wood_between_worlds, layout_loops_ring, st_stairs_11,
          hangedman_decor_peaks_small
D:2:      layout_rooms, serial_shops, nicolae_shop_crystal
D:3:      layout_rooms, chequers_mini_garden, uniq_terence, uniq_natasha,
          uniq_jessica

Skill      XL: |  1  2  3 |
---------------+----------+-----
Stealth        | 2 3 |  3.0
Ranged Weapons | 6 |  6.7
Fighting       | |  2.1
Dodging        | |  2.4

Action                   |  1- 3 |  4- 6 || total
-------------------------+-------+-------++-------
 Fire: Shortbow          |    72 |     2 ||    74
  Use: Potion            |     1 |     1 ||     2
       Scroll            |     1 |       ||     1
Armor: Leather armour    |     5 |       ||     5
       Plate armour      |    32 |    37 ||    69
Dodge: Dodged            |    17 |    11 ||    28

Table legend: (Time is in decaauts)
 A = Elapsed time spent in this place.
 B = Non-inter-level travel time spent in this place.
 C = Inter-level travel time spent in this place.
 D = Time resting spent in this place.
 E = Time spent auto-exploring this place.
 F = Levels seen in this place.
 G = Mean time per level.
                   A        B        C        D        E       F      G
               +--------+--------+--------+--------+--------+-----+--------+
         Total |   1690 |   1635 |     55 |      0 |   1384 |   3 |  563.3 |
       Dungeon |   1690 |   1635 |     55 |      0 |   1384 |   3 |  563.3 |
               +--------+--------+--------+--------+--------+-----+--------+

Top non-repeatable levels by time:
     D:1: 968 daAuts
     D:2: 517 daAuts
     D:3: 203 daAuts
